 Dungeon Crawl Stone Soup version 0.32-a0-20-ge526923d97 (webtiles) character file.

Game seed: 13421584109530742231

48 jasper the Covered (level 3, 0/30 HPs)
             Began as an Armataur Fighter on Jan 18, 2024.
             Succumbed to an adder's poison
             ... on level 2 of the Dungeon.
             The game lasted 00:01:41 (1177 turns).

jasper the Covered (Armataur Fighter)               Turns: 1177, Time: 00:01:42

Health: 0/30       AC:  6    Str: 21    XL:     3   Next: 50%
Magic:  3/3        EV:  7    Int: 10    God:
Gold:   37         SH:  4    Dex:  9    Spells: 2/2 levels left

rFire   . . .        a - +0 long sword
rCold   . . .        c - +0 buckler
rNeg    . . .        b - +0 scale mail
rPois   .            (no helmet)
rElec   .            (no cloak)
rCorr   .            (no gloves)
SInv    .            (no barding)
Will    .....        (no amulet) Stlth
                     (no ring)
HPRegen 0.25/turn    (no ring)
MPRegen 0.41/turn

%: roll
@: mighty, lethally poisoned (0 -> -7), hasted, very quick
A: large, deformed body, tough skin 3, armoured tail, roll 1
a: no special abilities


You were on level 2 of the Dungeon.
You visited 1 branch of the dungeon, and saw 2 of its levels.

You collected 37 gold pieces.

Inventory:

Hand Weapons
 a - a +0 long sword (weapon)
 e - a +0 dagger
Missiles
 f - 7 stones
 j - a boomerang (quivered)
Armour
 b - a +0 scale mail (worn)
 c - a +0 buckler (worn)
Jewellery
 k - a ring of wizardry
Potions
 g - a potion of degeneration {unknown}
 h - a potion of lignification {unknown}
 i - a potion of haste


   Skills:
 - Level 2.6 Fighting
 + Level 3.6 Long Blades
 - Level 3.6 Armour
 - Level 3.2 Shields


You had 2 spell levels left.
You didn't know any spells.
Your spell library was empty.

Dungeon Overview and Level Annotations

Branches:
Dungeon (2/15)

Altars:


Innate Abilities, Weirdness & Mutations

Armour fits poorly on your strangely shaped body.
You have extremely tough skin. (AC +3)
You have a long armoured tail.
You regenerate magic when rolling toward enemies. (Rampage MPRegen)


Message History

The adder poisons you!
You take 3 damage, and have 23/30 hp.
You feel sick.
A bat comes into view.
You take 1 damage, and have 22/30 hp.
You feel sick.
The quokka twitches its whiskers.
You block the quokka's attack.
The kobold throws a stone.
The stone hits you but does no damage.
An adder comes into view.
You take 1 damage, and have 21/30 hp.
You feel sick.
The adder hisses angrily.
The quokka bites you.
You take 4 damage, and have 17/30 hp.
You feel sick. The adder bites you.
You are more poisoned.
The adder poisons you!
You take 2 damage, and have 15/30 hp.
You feel sick.
You take 1 damage, and have 14/30 hp.
You completely miss the adder.
You feel sick. The adder bites you.
You are more poisoned.
The adder poisons you!
You take 3 damage, and have 11/30 hp.
You feel very mighty all of a sudden.
You feel sick. The adder barely misses you. The adder misses you.
You take 2 damage, and have 9/30 hp.
You closely miss the adder.
You feel sick. The adder bites you.
* * * LOW HITPOINT WARNING * * *
You take 4 damage, and have 5/30 hp.
You closely miss the adder.
You feel sick. The adder bites you.
* * * LOW HITPOINT WARNING * * *
The adder bites you.
* * * LOW HITPOINT WARNING * * *
You are more poisoned.
The adder poisons you!
You take 3 damage, and have 2/30 hp.
It was a potion of haste.
You feel yourself speed up.
You die...

#.....### ..........#.
........... ### ..........#
.. .......<..# #.# #
..........# ..###..
..........# #.............
...?.....K####..8.....8....
.........#lrS@.............
........#.S###......>.....
#.b#..#...##............##
...#.........#...........##
#....##...####.............
#.........## #..8..÷..8..#
.<..####...###.....÷....##
.# ..#. #....##.........##
.# # #.##.##..###.#######.#


You could see 2 adders, a quokka, a kobold and a frilled lizard.

Vanquished Creatures
  3 ball pythons
  8 bats
  2 endoplasms (D:2)
  A giant cockroach (D:1)
  3 goblins (D:1)
  3 hobgoblins (D:1)
  11 jackals
  4 kobolds
  A quokka (D:1)
  2 frilled lizards (D:1)
38 creatures vanquished.

Notes
Turn   | Place    | Note
-------+----------+-------------------------------------------
     0 | D:1      | jasper the Armataur Fighter began the quest for the Orb.
     0 | D:1      | Reached XP level 1. HP: 18/18 MP: 1/1
   132 | D:1      | Reached XP level 2. HP: 25/25 MP: 2/2
   431 | D:1      | Reached XP level 3. HP: 30/30 MP: 3/3
  1177 | D:2      | Succumbed to an adder's poison

Illustrated notes

Levels and vault maps discovered:
D:1:      minmay_arrival_shoal_huts, layout_basic
D:2:      layout_rooms, st_stairs_1, kennysheep_potato

Skill      XL: |  1  2 |
---------------+-------+-----
Long Blades    | 2 3 |  3.6
Fighting       | |  2.6
Armour         | |  3.6
Shields        | |  3.2

Action                     || total
---------------------------++-------
  Melee: Long sword        ||   128
         Tailslap          ||     9
  Throw: Boomerang         ||     5
    Use: Potion            ||     2
 Armour: Scale mail        ||   140
  Dodge: Dodged            ||    64
  Block: Buckler           ||    33

Table legend: (Time is in decaauts)
 A = Elapsed time spent in this place.
 B = Non-inter-level travel time spent in this place.
 C = Inter-level travel time spent in this place.
 D = Time resting spent in this place.
 E = Time spent auto-exploring this place.
 F = Levels seen in this place.
 G = Mean time per level.
                   A        B        C        D        E       F      G
               +--------+--------+--------+--------+--------+-----+--------+
         Total |   1216 |   1199 |     17 |    181 |    702 |   2 |  608.0 |
       Dungeon |   1216 |   1199 |     17 |    181 |    702 |   2 |  608.0 |
               +--------+--------+--------+--------+--------+-----+--------+

Top non-repeatable levels by time:
     D:1: 961 daAuts
     D:2: 255 daAuts
